 Dungeon Crawl Stone Soup version 0.23-a0-650-ga4d50d4 (webtiles) character file.

20108 Lanoc the Carver (level 13, -5/101 HPs)
             Began as a Formicid Fighter on Jan 6, 2019.
             Was the Champion of Makhleb.
             Slain by a wyvern (9 damage)
             ... on level 12 of the Dungeon.
             The game lasted 00:33:33 (10838 turns).

Lanoc the Carver (Formicid Fighter)                Turns: 10838, Time: 00:33:34

Health: -5/101     AC: 19    Str: 29    XL:     13   Next: 9%
Magic:  19/19      EV: 14    Int:  9    God:    Makhleb [******]
Gold:   816        SH: 13    Dex: 10    Spells: 12/12 levels left

rFire    + . .     SeeInvis +   l - +2 long sword (slice) (curse)
rCold    . . .     Gourm    .   c - +1 shield
rNeg     . . .     Faith    +   r - +8 ring mail of Duck's Teeth {rF+ Str+4 Slay+3}
rPois    .         Spirit   .   (helmet unavailable)
rElec    .         Reflect  .   (no cloak)
rCorr    .         Harm     .   H - +0 pair of gloves
MR       ++...                  I - +2 pair of boots
Stlth    ..........             G - amulet of faith
HPRegen  0.26/turn              g - +3 ring of slaying
MPRegen  0.16/turn              o - ring of protection from magic

@: drained
A: permanent stasis, dig shafts and tunnels, four strong arms, antennae 3
a: Dig, Shaft Self, Minor Destruction, Lesser Servant of Makhleb, Major
Destruction, Greater Servant of Makhleb, Renounce Religion


You were on level 12 of the Dungeon.
You worshipped Makhleb.
Makhleb was exalted by your worship.
You were not hungry.

You visited 2 branches of the dungeon, and saw 13 of its levels.

You collected 816 gold pieces.

Inventory:

Hand Weapons
 l - a cursed +2 long sword of slicing (weapon)
 N - a +7 scimitar
Missiles
 s - 39 sling bullets
Armour
 c - a +1 shield (worn)
 r - the +8 ring mail of Duck's Teeth (worn) {rF+ Str+4 Slay+3}
   (You found it on level 9 of the Dungeon)

   It affects your strength (+4).
   It affects your accuracy and damage with ranged weapons and melee attacks
   (+3).
   It protects you from fire.
 H - a +0 pair of gloves (worn)
 I - a +2 pair of boots (worn)
Jewellery
 d - an uncursed ring of ice
 g - a +3 ring of slaying (left hand)
 o - a ring of protection from magic (right hand)
 u - an uncursed ring of positive energy
 G - an amulet of faith (around neck)
 L - the amulet of Creativity {Spirit rElec rF- Int+10}
   (You found it on level 8 of the Dungeon)

   [amulet of guardian spirit]

   It causes incoming damage to be split between your health and magic.
   It affects your intelligence (+10).
   It makes you vulnerable to fire.
   It insulates you from electricity.
Wands
 t - a wand of random effects (18)
 v - a wand of acid (18)
 x - a wand of iceblast (16)
 y - a wand of flame (13)
 C - a wand of digging (4)
 E - a wand of polymorph (14)
 J - a wand of paralysis (10)
Scrolls
 e - 5 scrolls of fog
 i - 4 scrolls of remove curse
 j - 2 scrolls of immolation
 B - 3 scrolls of enchant armour
 D - a scroll of vulnerability
Potions
 b - a potion of curing
 h - 2 potions of heal wounds
 m - 4 potions of lignification
 n - a potion of flight
 q - 2 potions of ambrosia {unknown}
 w - a potion of cancellation
 z - a potion of brilliance {unknown}
 A - 2 potions of agility {unknown}
 F - 2 potions of mutation {unknown}
 M - a potion of invisibility
 O - a potion of might
Miscellaneous
 a - a lightning rod (4/4)
 k - a fan of gales
 p - 2 boxes of beasts
Comestibles
 f - 28 rations
 K - 23 chunks of flesh


   Skills:
 + Level 9.6(9.3) Fighting
 * Level 11.6(11.3) Long Blades
 + Level 9.6(9.3) Armour
 + Level 7.3(7.0) Dodging
 - Level 9.0(8.8) Shields
 + Level 9.1(8.9) Invocations


You had 12 spell levels left.
You didn't know any spells.
Your spell library contained the following spells:

 Spells                   Type           Power        Failure   Level  Hunger
 Magic Dart               Conj           #...         50%         1    ##.....
 Searing Ray              Conj           #.....       65%         2    ###....
 Dazzling Spray           Conj/Hex       #.....       86%         3    ####...
 Force Lance              Conj/Tloc      #.......     99%         4    #####..
 Fulminant Prism          Conj/Hex       #.........   99%         4    #####..
 Iskenderun's Mystic Bla  Conj           #.......     99%         4    #####..


Dungeon Overview and Level Annotations

Branches:
Dungeon (12/15)            Temple (1/1) D:4            Lair (0/6) D:11
    Orc (0/2) D:10

Altars:
Ashenzari
Cheibriados
Dithmenos
Elyvilon
Fedhas
Gozag
Hepliaklqana
Kikubaaqudgha
Makhleb
Nemelex Xobeh
Okawaru
Qazlal
Ru
Sif Muna
Trog
Uskayaw
Vehumet
Wu Jian
Xom
Yredelemnul
Zin
The Shining One

Shops:
D:6 *   D:7 *

Annotations:
D:12 Rupert


Innate Abilities, Weirdness & Mutations

You cannot be hasted, slowed, berserked, paralysed or teleported.
You can dig through walls and to a lower floor.
Your four strong arms can wield two-handed weapons with a shield.
You have a pair of large antennae on your head. (SInv)


Message History

The kobold demonologist casts a cantrip, but nothing happens.
You block the wyvern's attack.
You slash Rupert!
Rupert is heavily wounded.
You block Rupert's attack. You block the wyvern's attack.
The soul eater hits you but does no damage.
You slash Rupert!
Rupert is severely wounded.
You block the wyvern's attack.
Rupert hits you with a +2 great sword of holy wrath!
The soul eater hits you!!
You slash Rupert!
Rupert is severely wounded.
The wyvern bites you.
Rupert hits you with a +2 great sword of holy wrath!!
* * * LOW HITPOINT WARNING * * *
The soul eater hits you.
* * * LOW HITPOINT WARNING * * *
You feel drained. The wyvern bites you!
You die...

..#.#.##.#.# .#
..#...(#.#.####.## ...#
.....(((.......... .(...
....<....#....#.## .....
..รท............... ......
..#(..........#... ......
..#........#########.....#
..#..............l.......#
................@@K....#
#................3.....+
#..................#...#
#..................#...^..
............##### .....
...........(# .....
...........# .### ......
.#


You could see Rupert (berserk), a soul eater, a kobold demonologist and a
wyvern.

Vanquished Creatures
  Fannar (D:10)
  3 two-headed ogres
  Urug (D:11)
  An unseen horror (D:11)
  3 cyclopes
  An ugly thing (D:11)
  2 centaur zombies (D:11)
  An elephant (D:11)
  3 centaur skeletons (D:10)
  A hornet (D:10)
  Prince Ribbit (D:6)
  5 hippogriffs
  A shadow (D:8)
  16 yaks
  2 wyverns
  A basilisk (D:11)
  4 vampire mosquitoes (D:11)
  A hungry ghost (D:11)
  Menkaure (D:7)
  A warg (D:9)
  An acid dragon (D:7)
  A water moccasin (D:9)
  5 ice beasts
  4 slaves (D:6)
  4 orc warriors
  5 sky beasts
  A necrophage (D:11)
  2 phantoms
  2 black bears
  An eye of draining (D:11)
  7 ogres
  A wolf (D:7)
  13 centaurs
  2 crocodiles
  3 big kobolds
  Blork the orc (D:6)
  10 bullfrogs
  4 gnoll sergeants (D:7)
  3 scorpions
  15 wights (D:8)
  3 howler monkeys
  4 crimson imps
  A quasit (D:10)
  11 hounds
  2 gnoll shamans (D:7)
  20 orc wizards
  11 orc priests
  2 jellies
  2 bullfrog skeletons
  3 iguanas
  Ijyb (D:4)
  8 worker ants
  2 hound skeletons
  A howler monkey zombie (D:6)
  3 worker ant zombies
  17 gnolls
  10 adders
  A shadow imp (D:9)
  An ooze (D:3)
  5 adder skeletons
  An adder zombie (D:8)
  10 worms
  4 dart slugs
  10 leopard geckos
  43 orcs
  14 bats
  7 giant cockroaches
  10 goblins
  4 hobgoblins
  16 jackals
  3 quokkas
  2 ball pythons
  4 frilled lizards
  A jackal skeleton (D:7)
  26 kobolds
  A quokka skeleton (D:4)
  10 rats
409 creatures vanquished.

Notes
Turn   | Place    | Note
-------+----------+-------------------------------------------
     0 | D:1      | Lanoc the Formicid Fighter began the quest for the Orb.
     0 | D:1      | Reached XP level 1. HP: 18/18 MP: 1/1
    68 | D:1      | Reached XP level 2. HP: 7/24 MP: 2/2
   510 | D:1      | Reached XP level 3. HP: 28/29 MP: 3/3
   743 | D:2      | Reached XP level 4. HP: 18/37 MP: 4/4
  1201 | D:3      | Reached skill level 1 in Dodging
  1251 | D:3      | Reached skill level 3 in Long Blades
  1413 | D:3      | Found a stormy altar of Qazlal.
  1456 | D:3      | Reached XP level 5. HP: 16/42 MP: 5/5
  1966 | D:3      | Noticed a bullfrog
  1971 | D:3      | Killed a bullfrog
  1971 | D:3      | Reached XP level 6. HP: 33/48 MP: 6/6
  2027 | D:3      | Found a radiant altar of Vehumet.
  2354 | D:3      | Reached skill level 4 in Long Blades
  2432 | D:3      | Found a shimmering altar of Xom.
  2680 | D:4      | Reached skill level 5 in Shields
  2680 | D:4      | Reached XP level 7. HP: 19/55 MP: 7/7
  3013 | D:4      | Found a shattered altar of Ashenzari.
  3025 | D:4      | Got a shimmering plate armour
  3036 | D:4      | Identified the +5 plate armour "Qimpidwe" {rC+ Str+2 Int-2
                  | SInv} (You found it on level 4 of the Dungeon)
  3044 | D:4      | Noticed Ijyb
  3058 | D:4      | Killed Ijyb
  3142 | D:4      | Found a staircase to the Ecumenical Temple.
  3161 | Temple   | Entered the Ecumenical Temple
  3228 | Temple   | Became a worshipper of Makhleb the Destroyer
  3346 | D:4      | Found an ornate altar of the Wu Jian Council.
  3698 | D:5      | Entered Level 5 of the Dungeon
  3715 | D:5      | Reached skill level 1 in Invocations
  3752 | D:5      | Reached skill level 5 in Long Blades
  3752 | D:5      | Reached XP level 8. HP: 55/61 MP: 7/9
  3887 | D:5      | Found an iron altar of Okawaru.
  3901 | D:5      | Reached skill level 5 in Armour
  3926 | D:5      | Reached skill level 5 in Fighting
  4076 | D:6      | Noticed Blork the orc
  4091 | D:6      | Killed Blork the orc
  4286 | D:6      | Reached skill level 6 in Long Blades
  4353 | D:6      | Reached XP level 9. HP: 68/68 MP: 11/11
  4377 | D:6      | Found a blossoming altar of Fedhas.
  4446 | D:6      | Reached * piety under Makhleb
  4638 | D:6      | Noticed Prince Ribbit
  4651 | D:6      | Killed Prince Ribbit
  4662 | D:6      | Found a glowing silver altar of Zin.
  4662 | D:6      | Found Zin's Purification Station.
  4877 | D:6      | Found a hide-covered altar of Uskayaw.
  4877 | D:6      | Noticed a +0 dagger
  4877 | D:6      | Noticed a +0 hand axe
  5288 | D:7      | Found Wiorell's Whimsical Warehouse.
  5333 | D:7      | Noticed Menkaure
  5343 | D:7      | Killed Menkaure
  5343 | D:7      | Reached skill level 7 in Long Blades
  5725 | D:7      | Reached ** piety under Makhleb
  5761 | D:7      | Reached XP level 10. HP: 62/77 MP: 13/13
  5994 | D:7      | Reached skill level 5 in Invocations
  6420 | D:8      | Reached skill level 8 in Long Blades
  6450 | D:8      | Noticed a five-headed hydra
  6560 | D:8      | Reached *** piety under Makhleb
  6767 | D:8      | Got an ancient iron amulet
  6849 | D:8      | Noticed a moth of wrath
  6851 | D:8      | Found a bloodstained altar of Trog.
  6936 | D:8      | Reached skill level 5 in Dodging
  7071 | D:8      | Reached **** piety under Makhleb
  7111 | D:8      | HP: 1/79 [acid (13)]
  7297 | D:8      | Identified the cursed +0 ring mail of Vacathy {rElec rPois
                  | rC- rN+}
  7439 | D:8      | Reached XP level 11. HP: 84/84 MP: 15/15
  7624 | D:8      | Reached skill level 9 in Long Blades
  7691 | D:9      | Got a pitted ring mail
  7702 | D:9      | Identified the +8 ring mail of Duck's Teeth {rF+ Str+4
                  | Slay+3} (You found it on level 9 of the Dungeon)
  7729 | D:9      | Found an opulent altar of Gozag.
  7792 | D:9      | Found a snail-covered altar of Cheibriados.
  8082 | D:9      | Reached ***** piety under Makhleb
  8268 | D:10     | Entered Level 10 of the Dungeon
  8527 | D:10     | Found a staircase to the Orcish Mines.
  8588 | D:10     | Noticed Fannar
  8613 | D:10     | Killed Fannar
  9079 | D:10     | Reached skill level 10 in Long Blades
  9177 | D:10     | Reached XP level 12. HP: 94/94 MP: 17/17
  9184 | D:10     | Noticed a two-headed ogre
  9191 | D:10     | Killed a two-headed ogre
  9257 | D:10     | Noticed a two-headed ogre
  9270 | D:10     | Killed a two-headed ogre
  9287 | D:10     | Identified the amulet of Creativity {Spirit rElec rF-
                  | Int+10} (You found it on level 8 of the Dungeon)
  9480 | D:11     | Noticed an unseen horror
  9486 | D:11     | Killed an unseen horror
  9587 | D:11     | Found a staircase to the Lair.
  9663 | D:11     | Noticed a two-headed ogre
  9673 | D:11     | Killed a two-headed ogre
  9682 | D:11     | Reached skill level 11 in Long Blades
  9718 | D:11     | Reached ****** piety under Makhleb
  9808 | D:11     | Noticed Urug
  9824 | D:11     | Killed Urug
 10754 | D:11     | Reached XP level 13. HP: 77/101 MP: 19/19
 10823 | D:12     | Noticed Rupert
 10838 | D:12     | HP: 4/101 [soul eater[a kobold demonologist] (2)]
 10838 | D:12     | Slain by a wyvern

Vault maps used:
D:1:      dpeg_arrival_refuge, serial_bayou_pond_e, minivault_23,
          chequers_serial_rivers_large_a
D:3:      vehumet_crystals, nicolae_overflow_crystal_walls, tgw_xom
D:4:      kennysheep_mini, ashenzari_altar_1,
          minmay_temple_entry_statues_fountains, kennysheep_big_empty_room,
          uniq_ijyb
D:5:      okawaru_metal_pillars_1_2, first_ration, grunt_ministairs_4
D:6:      kennysheep_little_box, dancing_weapons_uskayaw, zin_purify,
          minmay_diced_spiral, uniq_pikel, uniq_blork_the_orc,
          uniq_prince_ribbit1
D:7:      serial_gnoll_camp, gnoll_camp_mini_house, gnoll_camp_mini_house,
          gnoll_camp_huts_basic, gnoll_camp_mini_house, gnoll_camp_mini_hut,
          grunt_ogre_cave, nicolae_alphabet_shops,
          chequers_serial_rivers_micro_e, minivault_26, uniq_menkaure
D:8:      minmay_cut_squares, tgw_trog
D:9:      lemuel_ice_spiral_2, slow_altar_1, grunt_gozag_statues
D:10:     kennysheep_windowed_halls, david_orc_3, serial_glass, glass_columns_b,
          glass_columns_b, uniq_fannar
D:11:     david_lair_generic, serial_co_window_serial, co_window_paths_b,
          co_window_of_opportunity_a, co_window_cross_1, co_window_paths_b,
          co_window_of_opportunity_a, co_window_corner_a, co_window_paths_a,
          co_window_corner_ca, co_window_corner_ca, co_window_broadway_b,
          co_window_of_opportunity_c, co_window_of_opportunity_b,
          co_window_corner_b, co_window_paths_c, co_window_paths_e,
          glass_columns_a, glass_columns_a, glass_columns_a, uniq_urug
D:12:     gammafunk_jiyva_shrine, abandoned_shop, uniq_rupert
Temple:   eino_wide_crystal_templ

Skill      XL: |  1  2  3  4  5  6  7  8  9 10 11 12 |
---------------+-------------------------------------+-----
Shields        | 4 5 6 7 8 9 |  9.0
Dodging        | 1 2 3 4 5 6 7 |  7.3
Long Blades    | 3 4 5 6 7 8 10 11 | 11.6
Fighting       | 4 5 6 7 8 9 |  9.6
Armour         | 4 5 6 7 8 9 |  9.6
Invocations    | 1 3 4 6 7 9 |  9.1

Action                   |  1- 3 |  4- 6 |  7- 9 | 10-12 | 13-15 || total
-------------------------+-------+-------+-------+-------+-------++-------
Melee: Long sword        |    73 |   187 |   410 |   642 |    32 ||  1344
       Falchion          |       |       |       |   196 |       ||   196
 Abil: Dig               |       |       |       |     4 |       ||     4
  Use: Potion            |       |     4 |       |     4 |       ||     8
       Scroll            |       |       |     4 |    13 |       ||    17
 Stab: Invisible         |       |     1 |       |       |       ||     1
  Eat: Chunk             |       |     6 |    11 |    18 |     1 ||    36
Armor: Scale mail        |    34 |    77 |     4 |       |       ||   115
       Skin              |       |     3 |       |       |       ||     3
       Plate armour      |       |       |   223 |   163 |       ||   386
       Ring mail         |       |       |       |   110 |     7 ||   117
Dodge: Dodged            |    29 |    58 |   135 |   284 |    11 ||   517
Block: Shield            |    44 |   116 |   282 |   481 |    23 ||   946
       Rpst.: Long sword |    10 |    16 |    44 |    58 |     4 ||   132
       Falchion          |       |       |       |     9 |       ||     9

Table legend:
 A = Non-vault XP
 B = Vault XP
 C = Vault XP percentage of total XP
 D = Non-vault monster count
 E = Vault monster count
 F = Vault count percentage of total count
                 A         B        C        D         E       F
            +---------+---------+-------+---------+---------+-------
      Total |   20694 |    8033 |  28.0 |     324 |      81 |  20.0
            +---------+---------+-------+---------+---------+-------
        D:1 |      33 |       0 |   0.0 |      19 |       0 |   0.0
        D:2 |      66 |       0 |   0.0 |      21 |       0 |   0.0
        D:3 |     334 |      20 |   5.6 |      41 |       5 |  10.9
        D:4 |     244 |      35 |  12.5 |      18 |       1 |   5.3
        D:5 |     630 |       5 |   0.8 |      16 |       2 |  11.1
        D:6 |    1243 |     405 |  24.6 |      30 |       4 |  11.8
        D:7 |     702 |    1728 |  71.1 |      17 |      32 |  65.3
        D:8 |    2697 |     439 |  14.0 |      56 |       9 |  13.8
        D:9 |    3559 |     178 |   4.8 |      42 |       3 |   6.7
       D:10 |    2579 |    3422 |  57.0 |      19 |      20 |  51.3
       D:11 |    7540 |    1801 |  19.3 |      43 |       5 |  10.4
       D:12 |    1067 |       0 |   0.0 |       2 |       0 |   0.0
            +---------+---------+-------+---------+---------+-------
